[Event "MČR v bleskovém šachu družstev 2019"]
[Site "Teplice, Czech Republic"]
[Date "2019.09.14"]
[Round "12.2"]
[White "Polak, Tomas"]
[Black "Ruzicka, Ales"]
[Result "1/2-1/2"]
[TimeControl "3 mim. + 2 s"]
[WhiteTitle "GM"]
[WhiteFideId "300560"]
[BlackFideId "325252"]
[WhiteElo "2510"]
[BlackElo "2102"]

1. d4 Nf6 2. c4 c5 3. d5 e6 4. Nc3 exd5 5. cxd5 d6 6. e4 g6 7. h3 Bg7 8. Nf3 O-O 9. Bg5 h6 10. Be3 Na6 11. Nd2 Nc7 12.
a4 a6 13. Bd3 Rb8 14. a5 b5 15. axb6 Rxb6 16. Nc4 Rb8 17. O-O Nb5 18. Qc2 Re8 19. Na5 Bd7 20. Nc6 Bxc6 21. dxc6 Qb6 22. Qa4 Qxc6 23. Qxa6 Qxa6 24.
Rxa6 Nxc3 25. bxc3 Nxe4 26. Bxe4 Rxe4 27.
Rxd6 Bxc3 28. Bxc5 Rbe8 29. Be3 Bg7 30. Rb1 R4e6 31. Rd7 R6e7 32. Rd3 Kh7 33. g4 Kg8 34. Kg2 Kh7 35. Kf3 Bf6 36.
Rb5 Kg7 37. Kg3 Be5+ 38. Kf3 Bf6 39.
Rd6 Re6 40. Rd3 R6e7 41. Kg3 Be5+ 42. f4 Bc7 43. Kf3 Rd8 44. Rc3 Red7 45. h4 Bd6 46. h5 Be7 47. Rbb3 Bf6 48. Rc5 Rd5 49.
Rxd5 Rxd5 50. hxg6 Kxg6 51. Rb6 Kg7 52. Ke4 Ra5 53. Rb4 Be7 54. Bd4+ Bf6 55. Bb6 Ra1 56. Be3 Re1 57. Rb6 Ra1 58. Rxf6 Ra4+ 59. Bd4 Rxd4+ 60. Kxd4 Kxf6 61. Kd5 Kg6 62. Ke5 Kg7 63. Kf5 Kg8 64.
Kf6 Kf8 65. Ke5 Kg7 66. Kf5 Kg8 67. Kf6 Kf8 68. f5 Kg8 69. Ke5 Kg7 70. Ke4 Kf6 71. Kf4 Kg7 72. g5 hxg5+ 73. Kxg5 1/2-1/2

[Event "MČR v bleskovém šachu družstev 2019"]
[Site "Teplice, Czech Republic"]
[Date "2019.09.14"]
[Round "12.3"]
[White "Loskot, Petr"]
[Black "Stocek, Jiri"]
[Result "0-1"]
[TimeControl "3 mim. + 2 s"]
[BlackTitle "GM"]
[WhiteFideId "319570"]
[BlackFideId "304760"]
[WhiteElo "2010"]
[BlackElo "2505"]

1. e4 e6 2. d4 d5 3. Nc3 Bb4 4.
exd5 exd5 5. Bd3 Nc6 6.
Nge2 Nce7 7. a3 Ba5 8.
O-O Bf5 9. Ng3 Bxd3 10. Qxd3 c6 11. Re1 Qd7 12. Nf5 Kf8 13. Nxe7 Nxe7 14. Bf4 Re8 15. Re2 Bxc3 16. bxc3 f6 17.
Rae1 Kf7 18. h3 Ng6 19. Bg3 Rxe2 20. Rxe2 Re8 21. Kf1 Rxe2 22. Qxe2 Ne7 23. Ke1 g6 24. Bb8 a6 25. Kd2 Nc8 26.
c4 Nb6 27. cxd5 Qxd5 28. Ba7 0-1

[Event "MČR v bleskovém šachu družstev 2019"]
[Site "Teplice, Czech Republic"]
[Date "2019.09.14"]
[Round "12.4"]
[White "Vymazal, Bronislav"]
[Black "Meszaros, Ludek"]
[Result "1-0"]
[TimeControl "3 mim. + 2 s"]
[WhiteFideId "318396"]
[BlackFideId "308153"]
[WhiteElo "2309"]
[BlackElo "2070"]

1. e4 e5 2. Nf3 Nc6 3. Bb5 a6 4. Ba4 Nf6 5. O-O Be7 6. d3 d6 7. c4 O-O 8. h3 h6 9.
Nc3 Nd4 10. Nxd4 exd4 11. Ne2 c5 12.
f4 Bd7 13. Bxd7 Qxd7 14. g4 Nh7 15. Ng3 b5 16. b3 a5 17. Bd2 a4 18. Nf5 Rfe8 19. Qc2 Bf8 20. b4 g6 21. Ng3 bxc4 22.
Qxc4 cxb4 23. Rab1 b3 24. axb3 axb3 25. Qxb3 h5 26. f5 Reb8 27. Qxb8 Rxb8 28. Rxb8 Kg7 29. gxh5 g5 30. f6+ Nxf6 31. Nf5+ Kg8 32. Bxg5 Nxh5 33.
Be7 Qd8 1-0

[Event "MČR v bleskovém šachu družstev 2019"]
[Site "Teplice, Czech Republic"]
[Date "2019.09.14"]
[Round "12.5"]
[White "Babicka, Michal"]
[Black "Vykouk, Jan"]
[Result "0-1"]
[TimeControl "3 mim. + 2 s"]
[BlackTitle "IM"]
[WhiteElo "2076"]
[BlackElo "2439"]

1. c4 e5 2. b3 Nc6 3. Bb2 g6 4. g3 Bg7 5. Bg2 Nge7 6.
e3 O-O 7. Ne2 d5 8. cxd5 Nxd5 9. O-O Ndb4 10. d4 exd4 11. Nxd4 Nxd4 12. Bxd4 Bxd4 13. exd4 Bf5 14. Nc3 c6 15. d5 c5 16. a3 Nc2 17.
Ra2 Nd4 18. b4 b6 19. bxc5 bxc5 20. Ne2 Bg4 21. f3 Qxd5 22. Nxd4 Qxa2 23. fxg4 Rad8 24. Qb3 Qxb3 25. Nxb3 c4 26. Na5 c3 27. Rc1 Rd3 28.
Nc6 Re8 29. Nb4 Rde3 30. Bf1 Rd8 31. Bc4 Rd2 32. Nd5 Rf3 33. Rxc3 Rxc3 34. Nxc3 Rc2 35. Nb5 Rxc4 36. Nxa7 Rxg4 37.
Nc6 Ra4 38. Ne5 Rxa3 39. Kg2 Kg7 40.
h4 f6 41. Nf3 h6 42. Nd4 f5 43.
h5 Ra4 44. Ne6+ Kf6 45. Nf4 g5 46. Nd5+ Ke5 47. Ne7 Ra2+ 48. Kf1 Ke4 49. Ng6 Ke5 0-1

[Event "MČR v bleskovém šachu družstev 2019"]
[Site "Teplice, Czech Republic"]
[Date "2019.09.14"]
[Round "12.6"]
[White "Studnicka, Tomas"]
[Black "Mach, Petr"]
[Result "1/2-1/2"]
[TimeControl "3 mim. + 2 s"]
[WhiteTitle "IM"]
[WhiteElo "2215"]
[BlackElo "1961"]

1. d4 d5 2. Bf4 c5 3. e3 Nc6 4. c3 Nf6 5. Nd2 Qb6 6. Qb3 e6 7. Ngf3 Bd7 8. Be2 cxd4 9. exd4 Be7 10.
O-O O-O 11. Ne5 Nxe5 12. dxe5 Ne4 13.
Nxe4 dxe4 14. Be3 Qxb3 15. axb3 a6 16. Bd4 Rac8 17. b4 Bc6 18. Rfe1 Rfd8 19.
Bf1 Rd7 20. g3 Bxb4 21. Bg2 e3 22. Rxe3 Bxg2 23. Kxg2 Bc5 24. Bxc5 Rxc5 25. Rae1 Rcd5 26. R1e2 Kf8 27. f4 Ke7 28. h4 Rd2 29. Kf3 Rd1 30. g4 Rh1 31. Kg3 Rg1+ 32. Kf3 Rh1 33. h5 Rh3+ 34. Ke4 Rxe3+ 35. Kxe3 g6 36. Rh2 Rd1 37. b4 Re1+ 38. Kd4 Rf1 39. Ke4 Re1+ 1/2-1/2

[Event "MČR v bleskovém šachu družstev 2019"]
[Site "Teplice, Czech Republic"]
[Date "2019.09.14"]
[Round "12.7"]
[White "Popper, Tomas"]
[Black "Cech, Pavel"]
[Result "0-1"]
[TimeControl "3 mim. + 2 s"]
[BlackTitle "IM"]
[WhiteElo "2088"]
[BlackElo "2387"]

1. Nf3 d5 2. b4 Nf6 3. Bb2 g6 4.
e3 Bg7 5. d4 O-O 6. Nbd2 b6 7. b5 Bb7 8. c4 a6 9. a4 Nbd7 10.
Be2 c5 11. bxc6 Bxc6 12. O-O Qb8 13.
Ne5 Nxe5 14. dxe5 Nd7 15. f4 Nc5 16. Bd4 Ne6 17. Bf3 Qb7 18. Rb1 Nxd4 19. exd4 dxc4 20. Nxc4 Bxf3 21. Rxf3 b5 22.
d5 Qa7+ 23. Ne3 bxa4 24. Qxa4 Rab8 25. Rd1 Rb2 26. Qd4 Qxd4 27. Rxd4 Rfb8 28. Ra4 f6 29. Nc4 Rb1+ 30. Rf1 fxe5 31.
Nxe5 R1b5 32. Rd1 Rb1 33. Rxb1 Rxb1+ 34. Kf2 Rd1 35.
Ra5 Bf6 36. Ke2 Rg1 37. Kf2 Rd1 38. Nf3 Kf7 39. Rxa6 Rxd5 40. Ra7 0-1

[Event "MČR v bleskovém šachu družstev 2019"]
[Site "Teplice, Czech Republic"]
[Date "2019.09.14"]
[Round "12.8"]
[White "Sodoma, Jan"]
[Black "Ocelak, Jakub"]
[Result "1-0"]
[TimeControl "3 mim. + 2 s"]
[WhiteTitle "IM"]
[WhiteElo "2193"]
[BlackElo "1705"]

1. Nf3 c5 2. c4 Nc6 3. g3 d6 4. d4 cxd4 5. Nxd4 g6 6. Bg2 Bd7 7.
O-O Bg7 8. Nc2 Nf6 9. Nc3 O-O 10. h3 Rc8 11. b3 Ne4 12.
Nxe4 Bxa1 13. Nxa1 Bf5 14. Bb2 f6 15. Qd5+ Kg7 16. g4 Bd7 17. g5 Ne5 18. gxf6+ exf6 19. Qxd6 Rc6 20. Qd2 Qc8 21.
Qc3 Re6 22. Nc2 Re7 23. Ne3 Bc6 24. Ba3 Rfe8 25. Nd6 Qc7 26. Ndf5+ gxf5 27. Nxf5+ Kf7 28. Bxe7 Bxg2 29. Kxg2 Rg8+ 30.
Kh1 Qc6+ 31. f3 Rg6 32. Qd2 Qe6 33. Qd5 Qxd5 34. cxd5 Rg5 35. e4 Ng6 36. Bc5 Nf4 37. Be3 Nxh3 38.
Bxg5 1-0

[Event "MČR v bleskovém šachu družstev 2019"]
[Site "Teplice, Czech Republic"]
[Date "2019.09.14"]
[Round "12.9"]
[White "Jirovsky, Milos"]
[Black "Bujak, Michal"]
[Result "1-0"]
[TimeControl "3 mim. + 2 s"]
[WhiteTitle "GM"]
[WhiteFideId "303224"]
[BlackFideId "316318"]
[WhiteElo "2499"]
[BlackElo "2120"]

1. Nf3 Nf6 2. c4 b6 3. g3
Bb7 4. Bg2 e5 5. O-O e4 6. Nd4 c5 7. Nc2 d5 8. cxd5 Bxd5 9. Nc3 Bc6 10. a3 Qc7 11. Ne3 Nbd7 12. Qc2 Qb7 13. Rd1 Be7 14. Nf5 Bf8 15. Ne3 Be7 16. Rb1 Rc8 17. b4 cxb4 18. axb4 a6 19. Nf5 Bf8 20. Qb3 g6 21. Nd4 Bg7 22. Nxc6 Qxc6 23. Bb2 Qc4 24. Ba1 O-O 25. Qa3 Rfe8 26. Rdc1 Re6 27. Nxe4 1-0

[Event "MČR v bleskovém šachu družstev 2019"]
[Site "Teplice, Czech Republic"]
[Date "2019.09.14"]
[Round "12.10"]
[White "Sott, Pavel"]
[Black "Sokolov, Alexander"]
[Result "0-1"]
[TimeControl "3 mim. + 2 s"]
[BlackTitle "FM"]
[WhiteFideId "311910"]
[BlackFideId "4119177"]
[WhiteElo "2167"]
[BlackElo "2417"]

1. e4 c5 2. Nc3 d6 3. Nge2 Nc6 4. d4 cxd4 5. Nxd4 g6 6. Be3 Bg7 7. Qd2 Nf6 8. Bc4 O-O 9. Bb3 Ng4 10. Nxc6 bxc6 11. Bd4 Bh6 12. Qe2 c5 13. h3 cxd4 14.
hxg4 dxc3 15. Rxh6 cxb2 16. Rb1 Qa5+ 17. Qd2 Qxd2+ 18. Kxd2 Bxg4 19. Rh4 Bd7 20. Rxb2 Kg7 21. Rb1 a5 22.
Rhh1 e6 23. Bc4 Bc6 24. f3 Rfb8 25. Ke3 h5 26. Rhd1 Rxb1 27. Rxb1 d5 28. exd5 exd5 29. Bd3 Rc8 30. Rb6 Ba4 31.
Kd2 h4 32. c3 Rc6 33. Rb8 Kf6 34. Ra8 Rc5 35. Rh8 Kg5 36. Rf8 f5 37. Rh8 Bb5 38. Bc2 Bf1 39. Ke1 Bxg2 40. Kf2 Bxf3 41. Bxf5 Kxf5 42. Kxf3 Rxc3+ 43. Ke2
Kg4 44. Kd2 0-1

[Event "MČR v bleskovém šachu družstev 2019"]
[Site "Teplice, Czech Republic"]
[Date "2019.09.14"]
[Round "12.11"]
[White "Dolezal, Radoslav"]
[Black "Kupka, Frantisek"]
[Result "1-0"]
[TimeControl "3 mim. + 2 s"]
[WhiteTitle "IM"]
[WhiteFideId "304735"]
[BlackFideId "309540"]
[WhiteElo "2359"]
[BlackElo "2034"]

1. d4 Nf6 2. Bg5 Ne4 3.
Bf4 d5 4. f3 Nd6 5. Nc3 c6 6.
e4 e6 7.
Bd3 Be7 8. Nge2 O-O 9. O-O Bg5 10. Qc1 Bxf4 11. Qxf4 Qe7 12. Rae1 Nd7 13. Ng3 e5 14. dxe5 Qxe5 15. Qxe5 Nxe5 16.
exd5 Nxd3 17. cxd3 c5 18. Re7 b6 19. Nce4 Nf5 20. Nxf5 Bxf5 21. Rd1 Rfd8 22. Nc3 Kf8 23. Rc7 Rd7 24.
Rxd7 Bxd7 25. Kf2 Re8 26.
b3 Re5 27. d4 cxd4 28. Rxd4 f5 29.
f4 Re8 30. d6 Rc8 31. Rd3 Kf7 32. Re3 Re8 33. Nd5 Rxe3 34. Nxe3 Ke6 35. Nc4 b5 36. Ne5 Kxd6 37. Ke3 Be6 38. Kd4 Bd5 39. g3 a6 40. Nd3 Bb7 41. b4 Bd5 42. a3 Bb7 43. Nc5 Bc8 44. a4 bxa4 45. Nxa4 Bd7 46. Nb2 Bb5 47. Nd1 Bf1 48. Ne3 Bh3 49. Nc4+ Kc6 50. Ne5+ Kb5 51.
Kc3 Bf1 52. Nf3 Bg2 53. Nd4+ Kb6 54.
Nxf5 g6 55. Nd6 Bd5 56. Ne8 Bg8 57.
Nf6 Bf7 58. Nxh7 a5 59. bxa5+ Kxa5 60. Kd4 Kb4 61. Ke5 Kc5 62. Kf6 Be8 63. Nf8 Kd5 1-0

[Event "MČR v bleskovém šachu družstev 2019"]
[Site "Teplice, Czech Republic"]
[Date "2019.09.14"]
[Round "12.12"]
[White "Janocko, Petr"]
[Black "Postupa, Pavel"]
[Result "1-0"]
[TimeControl "3 mim. + 2 s"]
[WhiteFideId "320099"]
[BlackFideId "326410"]
[WhiteElo "2067"]
[BlackElo "2184"]

1. d4 Nf6 2. c4 g6 3. Nc3 d5 4. g3 Bg7 5. Nf3 O-O 6. Bg2 dxc4 7. O-O c6 8. Ne5 Nfd7 9. Nxc4 Nb6 10. Nxb6 axb6 11. d5 cxd5 12. Qxd5 Nc6 13. Rd1 Qxd5 14. Nxd5 Be6 15.
Nxb6 Rxa2 16. Rxa2 Bxa2 17. Rd7 Nd4 18. Bg5 Nxe2+ 19. Kf1 Nd4 20. Bxe7 Re8 21. Rxb7 Nf5 22. Ba3 Rd8 23.
Be4 Nd6 24. Bxd6 Rxd6 25. Nc8 Rd1+ 26. Ke2 Rc1 27. Nd6 Be5 28. Rb8+ Kg7 29. Ne8+ Kh6 30. Rb7 Bc4+ 31. Kd2 Rf1 32. f4 Bd4 33. g4 Rxf4 34.
Nd6 Be6 35. h3 Rf2+ 36. Kd3 Bxb2 37. h4 Be5 38. Ke3 Rh2 39. Nxf7+ Bxf7 40. Rxf7 Rxh4 41. Kf3 Rh3+ 42. Kf2 Bd4+ 43. Kg2 Re3 44. Bf3 Ra3 45. Kg3 Be5+ 46. Kh4 g5+ 47. Kh3 Kg6 48. Rf5 Bf4 49. Kg2 Ra2+ 50. Kf1 Bg3 51. Be4 Kh6 52. Rf7 Rf2+ 53. Rxf2 Bxf2 54. Kxf2 Kg7 55. Kf3 h6 56. Bc6 Kf6 57. Be8 Ke5 58. Bh5 Kd4 59. Ke2 Ke4 60. Kd2 Kd4 61.
Kc2 Kc4 62. Bg6 Kd4 63. Kb3 Kc5 64. Kc3 Kd5 65. Kd3 Ke5 66. Bh5 Kf6 67. Kd4 Ke6 68.
Ke4 Kf6 69. Kd5 Ke7 70. Ke5 Kf8 71.
Kf6 1-0

[Event "MČR v bleskovém šachu družstev 2019"]
[Site "Teplice, Czech Republic"]
[Date "2019.09.14"]
[Round "12.15"]
[White "Vrbata, Zbynek"]
[Black "Marsalek, Zdenek"]
[Result "1/2-1/2"]
[TimeControl "3 mim. + 2 s"]
[WhiteTitle "FM"]
[WhiteFideId "301256"]
[WhiteElo "2324"]
[BlackElo "2272"]

1. f4 c5 2. Nf3 Nc6 3. g3 g6 4. Bg2 Bg7 5. O-O e6 6. e4 Nge7 7. d3 d6 8. Nc3 O-O 9. Be3 Nd4 10. Qd2 Bd7 11. Rae1 Rb8 12. Nd1 b5 13. c3 Nxf3+ 14. Bxf3 b4 15. e5 Nf5 16. Bf2 dxe5 17. fxe5 Qa5 18. g4 Ne7 19. Ne3 Bb5 20. g5 Rfd8 21. c4 Bc6 22. Bxc6 Nxc6 23. Ng4 Nd4 24. Bxd4 Rxd4 25. h3 Qd8 26. Rf3 Rb7 27. Ref1 Rxc4 28. Qf2 Rxg4+ 29. hxg4 Bxe5 30. Qg2 Qxg5 31. Kh1 Rd7 32. b3 a5 33. Qh3 f5 34. gxf5 exf5 35. Rxf5 gxf5 36. Rg1 Rg7 37. Rxg5 Rxg5 38. Qf3 Kg7 39. Qd5 Bd4 40. Qd7+ Kg6 41. Qe8+ Kh6 42. Qe6+ Kh5 43. Qe2+ Rg4 44. Qe8+ Kh4 45. Qe1+ Kg5 46. Qe7+ Kf4 47. Qxh7 Rg1+ 48. Kh2 Rg4 49. Qe7 Bf2 50. Qd6+ Kf3 51. Qd5+ Kf4 52. Qd6+ Kf3 1/2-1/2

[Event "MČR v bleskovém šachu družstev 2019"]
[Site "Teplice, Czech Republic"]
[Date "2019.09.14"]
[Round "12.16"]
[White "Duran, Tomas"]
[Black "Kuba, Jindrich"]
[Result "1/2-1/2"]
[TimeControl "3 mim. + 2 s"]
[BlackTitle "FM"]
[BlackFideId "318248"]
[WhiteElo "2135"]
[BlackElo "2223"]

1. e4 c5 2. Nf3 e6 3. c3 d5 4. e5 Nc6 5. d4 cxd4 6.
cxd4 Nge7 7. Bd3 Qb6 8. O-O Nf5 9.
Bxf5 exf5 10. Nc3 Be6 11.
a3 Be7 12. b4 a6 13. Qd3 O-O 14. Be3 Rac8 15. Rfc1 h6 16. Na4 Qa7 17. Rc2 Nb8 18. Rac1 Rxc2 19. Rxc2 b6 20. h4 Rc8 21. h5 Rxc2 22. Qxc2 Qb7 23. Nd2 Bd8 24. Nb3 Bd7 25.
Nb2 Qc6 26. Qxc6 Nxc6 27. Kf1 Kh7 28.
Ke2 g6 29. hxg6+ fxg6 30. Nd1 g5 31. Nc3 Be6 32. g3 Be7 33. Kd3 Kg6 34. Na4 Bd8 35.
Nc3 Ne7 36. b5 a5 37. Na4 Bd7 38. Nc3 Kf7 39. Nd2 Ke6 40. a4 Be8 41. Nb3 Bg6 42. Kd2 Bh7 43. Ke2 Ng6 44. Nc1 f4 45. gxf4 gxf4 46. Bd2 Kf5 47. Nd3 Bg5 48. Nxd5 Ke6 49. Nxb6 Ne7 50. Nc5+ Kf7 51. d5 f3+ 52. Kxf3 Bxd2 53. d6 Bf5 54. Nc4 Bb4 55. Nb7 Ng6 56. Nb6 Nxe5+ 57. Kf4 Nd7 58. Nd5 Be6 59. Nc7 Bh3 60.
Nd5 Ke6 61. Nc7+ Kf7 62. Nd5 Ke6 1/2-1/2

[Event "MČR v bleskovém šachu družstev 2019"]
[Site "Teplice, Czech Republic"]
[Date "2019.09.14"]
[Round "12.17"]
[White "Krejci, Jan"]
[Black "Rubes, Jan"]
[Result "0-1"]
[TimeControl "3 mim. + 2 s"]
[WhiteTitle "GM"]
[BlackTitle "FM"]
[WhiteFideId "322156"]
[BlackFideId "338176"]
[WhiteElo "2527"]
[BlackElo "2316"]

1. d4 d5 2. c4 c6 3. Nc3 Nf6 4. e3 e6 5. Nf3 Nbd7 6. Qc2 Bd6 7. Bd3 dxc4 8. Bxc4 O-O 9. O-O e5 10. h3 exd4 11. Nxd4 Ne5 12. Be2 c5 13.
Nf5 Bxf5 14. Qxf5 Qe7 15. b3 Rad8 16. Bb2 Bb8 17. Rfd1 b6 18. Qc2 Ng6 19. g3 Qe6 20. Bf1 h5 21. h4 Ne5 22. Bg2 Neg4 23. Ne4 Nxe4 24.
Qxe4 Qxe4 25. Bxe4 Be5 26. Bxe5 Nxe5 27. Bd5 g6 28. e4 Nf3+ 29. Kg2 Nd4 30. Rac1 a5 31. a3 Nb5 32. a4 Nd4 33.
f4 Kg7 34. Rd3 f5 35. Re1 Rfe8 36. Kf2 Nc2 37. Re2 Nb4 38. Rdd2 fxe4 39. Bc4 e3+ 0-1

[Event "MČR v bleskovém šachu družstev 2019"]
[Site "Teplice, Czech Republic"]
[Date "2019.09.14"]
[Round "12.18"]
[White "Hadraba, Vladimir"]
[Black "Sorm, Daniel"]
[Result "1/2-1/2"]
[TimeControl "3 mim. + 2 s"]
[BlackTitle "FM"]
[WhiteFideId "301663"]
[BlackFideId "5400139"]
[WhiteElo "2095"]
[BlackElo "2310"]

1. e4 c5 2. Nf3 Nc6 3.
d4 cxd4 4. Nxd4 Nf6 5. Nc3 d6 6. Be2 e5 7. Nb3 Be7 8. O-O O-O 9. Be3 a5 10. a4 Nb4 11. f3 Be6 12.
Qd2 d5 13. exd5 Nbxd5 14. Nxd5 Nxd5 15. Bf2 Bg5 16. Qe1 Ne3 17. Bxe3 Bxe3+ 18. Kh1 Bb6 19. Bd3 Qc7 20. Qe2 Rad8 21. Nd2 f6 22. Bc4 Bf7 23.
Bxf7+ Rxf7 24. Ne4 Rfd7 25. c3 f5 26. Ng5 Rd2 27. Qb5 Qd6 28. Qb3+ Rd5 29. Rad1 h6 30. Nh3 Kh7 31. Rxd5 Qxd5 32. Qxb6 e4 33. fxe4 fxe4 34.
Qf2 Qd3 35. Qf5+ Kh8 36. Rg1 Kg8 37. Nf4 Qd2 38. Qxe4 Qxb2 39. Qe6+ Kh7 40. Qe4+ Kg8 41. Nd5 Qd2 42. Ne7+ Kh8 43.
Nf5 Qd7 44. Qe5 Re8 45. Qd4 Qxf5 46. h3 Qe5 47. Qxe5 Rxe5 48. Rb1 Rc5 49. Rxb7 Rxc3 50. Rb5 Ra3 51. Rxa5 Ra2 52. Kh2 Kh7 53. Ra7 Kg6 54.
a5 h5 55. Kg3 Ra3+ 56. Kf2 Ra2+ 57. Kf3 Ra3+ 58. Ke4 h4 59. a6 Ra2 60. Kf3 Ra3+ 61. Kf2 Ra2+ 62. Kg1 Ra1+ 63. Kh2 Ra3 64. Ra8 1/2-1/2

[Event "MČR v bleskovém šachu družstev 2019"]
[Site "Teplice, Czech Republic"]
[Date "2019.09.14"]
[Round "12.19"]
[White "Strasil, Pavel"]
[Black "Kral, David"]
[Result "0-1"]
[TimeControl "3 mim. + 2 s"]
[WhiteFideId "308013"]
[BlackFideId "326097"]
[WhiteElo "2026"]
[BlackElo "2028"]

1. d4 d5 2. c4 c6 3. e3 e6 4. Nc3 f5 5. Nf3 Nf6 6. Ne5 Bd6 7. f4 O-O 8. cxd5 exd5 9. Bd3 Ne4 10.
g3 Nd7 11. Nxd7 Bxd7 12. Bxe4 fxe4 13. Bd2 Bh3 14. Qe2 Qd7 15. Rc1 Bg4 16. Qf2 Bf3 17. Rg1 Qg4 18. Na4 Rf7 19. a3 g5 20.
Bb4 Bc7 21. Kd2 Re8 22. b3 Kh8 23. Kc2 b6 24. Kb1 Re6 25. Ka2 a5 26. Bd2 Rf8 27. Nc3 Bd6 28. Na4 Bc7 29. Nc3 Bd8 30. Nb1 Be7 31. Rc2 Rc8 32.
Rgc1 Qh5 33. Bc3 Bd8 34. Bb2 b5 35. Nc3 Rb8 36. Ne2 Rb6 37. Ng1 Bd1 38. Rd2 Bg4 39. h3 Bxh3 40. Nxh3 Qxh3 41.
fxg5 Re8 42. Rdd1 Bxg5 43. Qf7 Qe6 44. Qh5 Qg6 45. Qe2 Rf8 46. Rf1 Rbb8 47. g4 Kg7 48. Rce1 a4 49. bxa4 bxa4 50. Bc3 Rb3 51. Rxf8 Kxf8 52. Bb4+ Kg7 53. Qf2 Qf6 54. Qh2 Kg6 55. Rh1 h6 56. Qh5+ Kg7 57. Qe8 Qf2+ 0-1

[Event "MČR v bleskovém šachu družstev 2019"]
[Site "Teplice, Czech Republic"]
[Date "2019.09.14"]
[Round "12.21"]
[White "Formanek, Martin"]
[Black "Bach, Markus"]
[Result "1/2-1/2"]
[TimeControl "3 mim. + 2 s"]
[WhiteFideId "316768"]
[BlackFideId "24603376"]
[WhiteElo "2230"]
[BlackElo "2259"]

1. e4 c6 2. d4 d5 3. e5 c5 4. dxc5 Nc6 5.
Bb5 e6 6. Be3 Qa5+ 7. Nc3 a6 8. Bxc6+ bxc6 9. a3 Rb8 10. b4 Qc7 11. f4 h5 12. Nf3 Ne7 13. Nd4 Nf5 14. Nxf5 exf5 15. O-O a5 16. Rb1 axb4 17. axb4 Ba6 18. Re1 Be7 19. Ne2 g6 20. Nd4 Bc4 21. Qf3 O-O 22. Bd2 Qb7 23. Qg3 Kh7 24. Ra1 Ra8 25. Bc3 Rxa1 26.
Rxa1 Ra8 27. Qe1 Ra6 28. Rxa6
Qxa6 29. Qa1 Qb7 30. Qa5 Qd7 31. Qb6 Bd8 32. Qxc6 Qa7 33. Qe8 Bh4 34. g3 Qe7 35. Qc6 Qa7 36. Qe8 Qa2 37. Qxf7+ Kh6 38. Qf8+ Kh7 39. Qf7+ Kh6 40.
Nxf5+ gxf5 41. Qe6+ Kg7 42. Qd7+ Kh6 43. Qe6+ Kg7 44. gxh4 Qb1+ 45. Kf2 Qf1+ 46. Kg3 Qg1+ 47. Kf3 Qf1+ 48. Kg3 Qg1+ 49. Kf3 Qf1+ 50. Kg3 1/2-1/2

[Event "MČR v bleskovém šachu družstev 2019"]
[Site "Teplice, Czech Republic"]
[Date "2019.09.14"]
[Round "12.22"]
[White "Buchcar, Tomas"]
[Black "Dvorak, Jan"]
[Result "0-1"]
[TimeControl "3 mim. + 2 s"]
[WhiteFideId "328421"]
[BlackFideId "314870"]
[WhiteElo "2145"]
[BlackElo "2229"]

1. c4 Nf6 2. Nf3 c5 3. g3 Nc6 4. Bg2 d5 5. cxd5 Nxd5 6. O-O e5 7. d3 Be7 8. a3 O-O 9.
Nc3 Nc7 10. Be3 Be6 11. Rc1 Rc8 12. Ne4 b6 13. b4 Nd5 14. bxc5 Nxe3 15. fxe3 bxc5 16. Nxc5 Bg4 17. Qa4 h5 18.
Rc4 Qb6 19. Rfc1 Na5 20. Rb4 Qh6 21.
Re4 Bxc5 22. Rf1 Bxe3+ 23. Kh1 Nc6 24. h3 Bf5 25. Rc4 Bd7 26. Qa6 Bb6 27. Nh4 Qg5 28. Kh2 Nd4 29. Qb7 Rxc4 30. dxc4 Bc8 0-1

[Event "MČR v bleskovém šachu družstev 2019"]
[Site "Teplice, Czech Republic"]
[Date "2019.09.14"]
[Round "12.23"]
[White "Kopta, Pavel"]
[Black "Tresnak, Filip"]
[Result "1-0"]
[TimeControl "3 mim. + 2 s"]
[WhiteTitle "FM"]
[WhiteFideId "309109"]
[BlackFideId "333905"]
[WhiteElo "2234"]
[BlackElo "1931"]

1. d4 Nf6 2. c4 c5 3. d5 e5 4.
Nc3 d6 5. e4 g6 6. Be2 Bg7 7.
Nf3 O-O 8. O-O Nbd7 9. Rb1 h6 10. a3 Ne8 11. Ne1 f5 12. f4 Nef6 13. exf5 gxf5 14. fxe5 Nxe5 15. Nf3 Nfd7 16. Bf4 Nxf3+ 17. Rxf3 Ne5 18. Rg3 Kh7 19. Qd2 Ng6 20. Rf3 Nxf4 21. Rxf4 Be5 22. Rf3 f4 23. Bd3+ Kh8 24. Ne4 Bg4 25.
Rff1 Bd4+ 26. Kh1 Be5 27. h3 Qh4 28. Qf2 Qh5 29. Nd2 f3 30. Nxf3 Bxh3 31. g3 Rxf3 32. Qxf3 Bg4+ 33. Kg2 Bxf3+ 34. Rxf3 Rg8 35. Rbf1 Qg5 36.
Rh1 Qd2+ 37. Kf1 Qxb2 38. Rxh6+ Kg7 39. Rh7# 1-0

[Event "MČR v bleskovém šachu družstev 2019"]
[Site "Teplice, Czech Republic"]
[Date "2019.09.14"]
[Round "12.24"]
[White "Prudek, Jiri"]
[Black "Routner, Jakub"]
[Result "1-0"]
[TimeControl "3 mim. + 2 s"]
[WhiteFideId "327310"]
[BlackFideId "322245"]
[WhiteElo "1962"]
[BlackElo "2138"]

1. e4 c5 2. Nf3 e6 3. d4 cxd4 4. Nxd4 a6 5. c4 Qc7 6. Nc3 Nf6 7. Be2 d6 8. O-O Be7 9. Be3 Nbd7 10. h3 b6 11. Rc1 Bb7 12. Bf3 Ne5 13. b3 O-O 14. Qc2 Nxf3+ 15. Nxf3 Rac8 16.
Qb1 Rfd8 17. Nd4 Nd7 18. f4 Nc5 19. f5 e5 20. Nf3 Qb8 21. Nd5 Bxd5 22. cxd5 Rd7 23. Bxc5 bxc5 24. Rc4 Rb7 25.
Qc1 Rb4 26. Qc2 Rc7 27. g4 Rxc4 28. Qxc4 Qb5 29. Rc1 Rb7 30. g5 f6 31. h4 Rb6 32. Kg2 Qb4 33. Qxb4 Rxb4 34. Rc4 Rxc4 35. bxc4 Kf7 36. Kg3 Ke8 37. Kg4 Kd7 38. gxf6 Bxf6 39.
Ng5 h6 40. Ne6 Kc8 41. Kh5 Kb7 42. Kg6 Bxh4 43. Nxg7 Bg5 44. Ne6 Bh4 45. Kxh6 Kb6 46. Kg6 Ka5 47. f6 Bxf6 48. Kxf6 Kb4 49. Ke7 Kxc4 50. Kxd6 1-0

[Event "MČR v bleskovém šachu družstev 2019"]
[Site "Teplice, Czech Republic"]
[Date "2019.09.14"]
[Round "12.25"]
[White "Novotny, Michal"]
[Black "Vojta, Tomas"]
[Result "1-0"]
[TimeControl "3 mim. + 2 s"]
[WhiteTitle "FM"]
[BlackTitle "FM"]
[WhiteFideId "310980"]
[BlackFideId "308781"]
[WhiteElo "2299"]
[BlackElo "2353"]

1. d4 d5 2. Nf3 Nf6 3. e3 Bg4 4. c4 dxc4 5. Bxc4 e6 6.
Qb3 Bxf3 7. gxf3 Nbd7 8. Rg1 Nb6 9. Be2 g6 10. a4 Bg7 11. a5 Nbd5 12. Qxb7 O-O 13. Nc3 c5 14. dxc5 Rb8 15.
Qxa7 Nb4 16. Kf1 Nfd5 17. Nxd5 Qxd5 18.
Kg2 Rb7 19. Qb6 Rxb6 20. cxb6 Qb7 21. Ra4 Na6 22. b4 Rc8 23. e4 Bc3 24. b5 Nc5 25. Ra2 Ra8 26. Be3 Nb3 27. a6 Qb8 28. b7 Bd4 29. bxa8=Q Qxa8 30. b6 Bxe3 31.
fxe3 Nc5 32. Rc1 Nd7 33. b7 Qa7 34.
Kf2 Nb6 35. Rc6 Nd7 36. Rc8+ Kg7 37. Ra8 Qc5 38. a7 Qg5 39. b8=Q Nxb8 40. axb8=Q Qh4+ 41. Qg3 Qh5 42.
R2a5 Qh6 43. R8a7 1-0

[Event "MČR v bleskovém šachu družstev 2019"]
[Site "Teplice, Czech Republic"]
[Date "2019.09.14"]
[Round "12.26"]
[White "Zeman, Matyas"]
[Black "Rolinek, Dominik"]
[Result "0-1"]
[TimeControl "3 mim. + 2 s"]
[WhiteFideId "364398"]
[BlackFideId "384569"]
[WhiteElo "2094"]
[BlackElo "1885"]

1. e3 d5 2. b3 e5 3. Bb2 Bd6 4. Nf3 Nd7 5. d4 e4 6.
Nfd2 Ne7 7. c4 c6 8. Ba3 Bxa3 9. Nxa3 O-O 10. Nc2 f5 11. Be2 Ng6 12. g3 Nf6 13. h4 Ng4 14. Nf1 Nh8 15. Nh2 Nxh2 16. Rxh2 Nf7 17. Qd2 Nh6 18. Kf1 Ng4 19.
Bxg4 fxg4 20. Ne1 h6 21. h5 b6 22.
Ng2 Ba6 23. Rc1 Rc8 24. Nf4 Qd7 25. Kg2 Qf7 26. cxd5 cxd5 27. Rhh1 Qd7 28. Qb4 Rxf4 29. Rxc8+ Qxc8 30. gxf4 Be2 31.
Kg3 Bf3 0-1

[Event "MČR v bleskovém šachu družstev 2019"]
[Site "Teplice, Czech Republic"]
[Date "2019.09.14"]
[Round "12.27"]
[White "Richtr, Zdenek"]
[Black "Svanda, Ondrej"]
[Result "0-1"]
[TimeControl "3 mim. + 2 s"]
[BlackTitle "FM"]
[WhiteFideId "301248"]
[BlackFideId "359670"]
[WhiteElo "2138"]
[BlackElo "1924"]

1. e4 c5 2. Nf3 d6 3. d4 cxd4 4. Qxd4 Nc6 5. Bb5 Bd7 6.
Bxc6 Bxc6 7. Bg5 Nf6 8. Bxf6 gxf6 9. Nc3 e6 10. O-O-O Be7 11. Nh4 Qb6 12. Qxb6 axb6 13. Rhe1 f5 14. Nf3 fxe4 15. Nxe4 O-O-O 16. Nd4 Bd7 17. f4 d5 18. Nc3 Bf6 19. Ncb5 Bc6 20. Rd3 Kb8 21. b4 Rhg8 22. g3 h5 23. Nxc6+ bxc6 24. Nd4 Kb7 25. c3 c5 26. bxc5 bxc5 27.
Nb3 c4 28. Rde3 cxb3 29. axb3 Rc8 30. Kd2 h4 31. Kd3 Rxc3+ 32. Ke2 Rc2+ 33. Kf3 Rxh2 34. Rc1 Rxg3# 0-1